 Dungeon Crawl Stone Soup version 0.32-a0-818-gb728d0252e (webtiles) character file.

Game seed: 17269358553896705533

4037 ezpacito the Chopper (level 10, -4/77 HPs)
             Began as a Coglin Chaos Knight on Mar 23, 2024.
             Was a Plaything of Xom.
             Slain by Grum
             ... wielding a +1 halberd of freezing
              (17 damage)
             ... on level 8 of the Dungeon on Mar 24, 2024.
             The game lasted 00:10:07 (7066 turns).

ezpacito the Chopper (Coglin Chaos Knight)          Turns: 7066, Time: 00:10:08

Health: -4/77      AC: 19    Str: 17    XL:     10   Next: 24%
Magic:  14/14      EV:  8    Int: 14    God:    Xom [...*..]
Gold:   862        SH:  0    Dex: 14    Spells: 15/15 levels left

rFire   + + .        A - +7 rapier "Ibbax" {protect, rN+ Int+2}
rCold   + . .        C - staff of the Beast {rPois rCorr Int+3 Stlth+ Alchemy}
rNeg    + . .        E - +3 chain mail {rPois}
rPois   +            (helmet restricted)
rElec   +            P - +0 cloak
rCorr   +            t - +0 pair of gloves
SInv    .            g - +0 pair of boots
Will    .....        (amulet unavailable)
Stlth   +            (ring unavailable)
HPRegen 0.32/turn    (ring unavailable)
MPRegen 0.14/turn    (no gizmo)

%: no passive effects
@: resistant
A: off-hand wielding, slow wielding, warmup strikes, no jewellery, antennae 1,
iridescent scales 1, dopey 1, fire resistance 1, shaggy fur 1, electricity
resistance, MP-powered wands
a: Invent Gizmo, Renounce Religion


You were on level 8 of the Dungeon.
You worshipped Xom.
You were a favourite toy of Xom.
You visited 2 branches of the dungeon, and saw 9 of its levels.

You collected 1563 gold pieces.
You spent 701 gold pieces at shops.

Inventory:

Hand Weapons
 a - a +0 hand axe of chaos {Baqqanum}
 b - a +2 heavy trident
 p - a +4 hand axe
 A - the +7 rapier "Ibbax" (weapon) {protect, rN+ Int+2}
   (You found it on level 4 of the Dungeon)

   Int+2:     It affects your intelligence (+2).
   rN+:       It protects you from negative energy.
Missiles
 f - 3 boomerangs
 o - 14 poisoned darts (quivered)
 G - a curare-tipped dart
 L - 6 silver javelins
Armour
 d - a +0 helmet
 g - a +0 pair of boots (worn)
 t - a +0 pair of gloves (worn)
 E - a +3 chain mail of poison resistance (worn)
 F - a +2 chain mail of fire resistance
 P - a +0 cloak (worn)
Magical Staves
 C - the staff of the Beast (offhand) {rPois rCorr Int+3 Stlth+ Alchemy}
   (You found it on level 4 of the Dungeon)

   [staff of alchemy]

   Base accuracy: +5 Base damage: 5 Base attack delay: 1.2 This weapon's minimum
   attack delay (0.6) is reached at skill level 12.
   Int+3:     It affects your intelligence (+3).
   rPois:     It protects you from poison.
   rCorr:     It protects you from acid and corrosion.
   Stlth+:    It makes you more stealthy.
   Alchemy:   It increases the power of your Alchemy spells.
   It falls into the 'Staves' category.
   It is a one-graspered weapon.
Wands
 h - a wand of warping (10)
 s - a wand of flame (24)
 y - a wand of acid (3)
 K - a wand of charming (9)
 N - a wand of mindburst (3)
Scrolls
 e - a scroll of poison
 i - a scroll of enchant armour {unknown}
 m - a scroll of revelation {unknown}
 r - a scroll of fear {unknown}
 u - 2 scrolls of teleportation {unknown}
 w - a scroll of silence {unknown}
 z - a scroll of vulnerability {unknown}
 B - a scroll of immolation
 H - 2 scrolls of amnesia {unknown}
 J - 2 scrolls of blinking {unknown}
 M - a scroll of noise
 Q - a scroll of enchant weapon {unknown}
Potions
 j - 2 potions of cancellation
 k - a potion of mutation
 n - a potion of resistance
 q - 5 potions of curing
 v - a potion of ambrosia
 x - 3 potions of enlightenment
 O - a potion of brilliance
Miscellaneous
 D - a phial of floods (inert)


   Skills:
 * Level 6.5 Fighting
 * Level 6.6(7.2) Axes
 + Level 3.6(5.3) Polearms
 * Level 5.7 Armour
 * Level 5.5 Dodging
 + Level 3.1 Stealth
 + Level 3.0 Spellcasting
 + Level 3.2 Alchemy
 + Level 4.0 Evocations


You had 15 spell levels left.
You didn't know any spells.
Your spell library contained the following spells:

 Spells                   Type           Power      Damage    Failure   Level
 Mercury Vapours          Alch/Air       18%        N/A       83%         2
 Magic Dart               Conj           8%         1d3       88%         1
 Necrotise                Necr           8%         1d4       88%         1
 Searing Ray              Conj           4%         2d4       96%         2
 Mephitic Cloud           Conj/Alch/Air  7%         N/A       98%         3
 Frozen Ramparts          Ice            4%         1d1       99%         3
 Ozocubu's Armour         Ice            2%         N/A       99%         3
 Vampiric Draining        Necr           2%         2d6       99%         3
 Fulminant Prism          Conj/Alch      4%         3d5       100%        4
 Leda's Liquefaction      Alch/Erth      4%         N/A       100%        4
 Martyr's Knell           Necr/Summ      2%         N/A       100%        4
 Passage of Golubria      Tloc           2%         N/A       100%        4
 Petrify                  Alch/Erth      9%         N/A       100%        4
 Curse of Agony           Necr           2%         N/A       100%        5
 Freezing Cloud           Conj/Ice/Air   1%         6-21      100%        5
 Metabolic Englaciation   Hex/Ice        1%         N/A       100%        5
 Silence                  Hex/Air        1%         N/A       100%        5
 Lehudib's Crystal Spear  Conj/Erth      1%         10d2      100%        8


Dungeon Overview and Level Annotations

Branches:
Dungeon (8/15)             Temple (1/1) D:7
   Lair: D:8-11

Altars:
Cheibriados
Elyvilon
Fedhas
Gozag
Hepliaklqana
Kikubaaqudgha
Makhleb
Nemelex Xobeh
Okawaru
Qazlal
Sif Muna
Trog
Uskayaw
Vehumet
Wu Jian
Xom
Yredelemnul
Zin
The Shining One

Shops:
D:1 [   D:2 ?   D:6 *   D:7 :

Annotations:
D:4 2 runed translucent doors
D:8 Grum


Innate Abilities, Weirdness & Mutations

You can wield a second weapon in your off-hand.
It takes a long time for you to wield or remove held weapons.
Your first few attacks do less damage.
You cannot equip rings or amulets.
You have a pair of small antennae on your head.
You are partially covered in iridescent scales. (AC +2)
You are dopey. (Int -2)
Your flesh is heat resistant. (rF+)
You are covered in fur. (AC +1)
You are resistant to electric shocks. (rElec)
You expend magic power (3 MP) to strengthen your wands.


Message History

The wolf barely misses you.
The killer bee stings you but does no damage.
The killer bee stings your butterfly!
Your butterfly dies!
Your butterfly disappears in a burst of colours!
Xom makes a sudden noise!
You hear a bellow!
Your butterfly disappears in a burst of colours!
The killer bee closely misses your butterfly.
The wolf barely misses your butterfly. The killer bee stings you.
* * * LOW HITPOINT WARNING * * *
A killer bee comes into view.
The wolf closely misses your butterfly.
You take 4 damage, and have 12/77 hp.
Okay, then.
The air fills with toxic fumes!
As you read the scroll labelled JOETSAM BOES, it crumbles to dust.
It was a scroll of poison.
Xom's power touches on a nearby monster.
The killer bee suddenly stops moving!
You are now a favourite toy of Xom.
The killer bee barely misses you.
Your butterfly is engulfed in poison gas.
Your butterfly is poisoned.
You kill your butterfly!
Your butterfly disappears in a burst of colours!
Your butterfly is engulfed in poison gas.
Your butterfly is poisoned.
You kill your butterfly!
Your butterfly disappears in a burst of colours!
Your butterfly is poisoned. x2
Your butterfly is engulfed in poison gas.
Your butterfly is poisoned.
You kill your butterfly!
Your butterfly disappears in a burst of colours!
The howler monkey hoots and howls with incredible vigour!
The killer bee closely misses you.
Grum points his finger and barks, "Attack!"
Grum hits you from afar with a +1 halberd of freezing!
You die...
Xom cackles wildly!

,,, *## , ,* §§* , * *§#
,,* *§# ** * ##§# #§# #§#
##b# ##h@# * ####hy## ,
#####§.yhg#
,,#####..§§§§§.l#######
#......§§§yb§[......### *
,
.......§§§bbb..........,
*
*###....y§..§§§.........,
* ####.§§§#§§§.........,,
, ###..............., * *
,,


You could see a komodo dragon (ally target), Grum (ally target), a wolf, 2
howler monkeys and 4 killer bees.

Vanquished Creatures
  A troll (D:6)
  Grinder (D:3)
  Prince Ribbit (D:5)
  A yak (D:4)
  A wyvern (D:7)
  The ghost of Hsik the Changeling, an amateur OnSh of Qazlal (D:4)
  Eustachio (D:5)
  The ghost of ooooo the Conjurer, an amateur OpCj (D:6)
  3 ice beasts
  An orc warrior (D:8)
  2 wolves (D:8)
  2 ogres
  4 centaurs
  A kobold brigand (D:8)
  A bullfrog (D:7)
  4 scorpions
  6 wights
  A killer bee (D:4)
  A howler monkey (D:8)
  3 electric eels (D:7)
  4 jellies
  3 orc priests
  5 iguanas
  4 sleepcaps
  5 orc wizards
  Robin (D:3)
  5 adders
  3 gnolls (D:3)
  4 white imps
  4 ribbon worms
  4 dart slugs
  19 orcs
  9 ball pythons
  6 endoplasms
  15 giant cockroaches
  11 goblins
  19 hobgoblins
  4 jackals (D:2)
  2 quokkas (D:2)
  4 bats
  5 frilled lizards
  A goblin skeleton (D:4)
  A goblin zombie (D:4)
  2 hobgoblin zombies (D:4)
  11 kobolds
  A kobold skeleton (D:4)
  A kobold zombie (D:4)
  An orc zombie (D:4)
  9 rats
200 creatures vanquished.

Vanquished Creatures (others)
  An orc (D:7)
  A butterfly (D:7)
2 creatures vanquished.

Grand Total: 202 creatures vanquished

Notes
Turn   | Place    | Note
-------+----------+-------------------------------------------
     0 | D:1      | ezpacito the Coglin Chaos Knight began the quest for the
                  | Orb.
     0 | D:1      | Reached XP level 1. HP: 18/18 MP: 1/1
   150 | D:1      | Reached skill level 1 in Dodging
   258 | D:1      | Reached XP level 2. HP: 23/24 MP: 2/2
   442 | D:1      | Found Kuhiqa's Armour Shop.
   596 | D:1      | XOM: silly message
   827 | D:1      | XOM: silly message
   931 | D:2      | Reached XP level 3. HP: 29/29 MP: 3/3
  1093 | D:2      | Found Qajywiz's Magic Scroll Boutique.
  1101 | D:2      | Bought a scroll of identify for 22 gold pieces
  1101 | D:2      | Bought a scroll of identify for 22 gold pieces
  1227 | D:2      | XOM: divination: detect creatures
  1281 | D:2      | Reached XP level 4. HP: 35/35 MP: 4/4
  1294 | D:2      | XOM: potion effect (might)
  1346 | D:2      | XOM: potion effect (might)
  1436 | D:2      | XOM is BORED!
  1436 | D:2      | XOM: silly message
  1690 | D:3      | Noticed Robin
  1706 | D:3      | Killed Robin
  1707 | D:3      | Reached XP level 5. HP: 28/41 MP: 4/6
  1808 | D:3      | Gained mutation: Your flesh is heat resistant. (rF+)
                  | [potion of mutation]
  1808 | D:3      | Gained mutation: You are dopey. (Int -2) [potion of
                  | mutation]
  1821 | D:3      | Reached skill level 1 in Polearms
  1960 | D:3      | Reached skill level 1 in Spellcasting
  2025 | D:3      | XOM: divination: detect items
  2217 | D:3      | Noticed Grinder
  2226 | D:3      | Paralysed by Grinder for 2 turns
  2228 | D:3      | XOM: divination: magic mapping
  2236 | D:3      | Paralysed by Grinder for 2 turns
  2237 | D:3      | XOM: confuse monster(s)
  2237 | D:3      | Killed Grinder
  2238 | D:3      | Reached skill level 1 in Stealth
  2238 | D:3      | Reached XP level 6. HP: 24/48 MP: 7/7
  2351 | D:3      | XOM: silly message
  2357 | D:3      | Reached XP level 7. HP: 52/54 MP: 7/9
  2442 | D:3      | XOM: noise
  2748 | D:4      | Found a large runed translucent door.
  2749 | D:4      | Found a large runed translucent door.
  2752 | D:4      | Noticed Hsik's ghost (amateur OnSh)
  2868 | D:4      | Found a glowing golden altar of the Shining One.
  2954 | D:4      | Found a large runed translucent door.
  2954 | D:4      | Found a large runed translucent door.
  2997 | D:4      | Found a large runed translucent door.
  2997 | D:4      | Found a large runed translucent door.
  3015 | D:4      | Noticed a yak
  3024 | D:4      | Killed a yak
  3153 | D:4      | Identified the +7 rapier "Ibbax" {protect, rN+ Int+2}
  3163 | D:4      | Found an opulent altar of Gozag.
  3165 | D:4      | Found a glowing silver altar of Zin.
  3165 | D:4      | Found a sparkling altar of Nemelex Xobeh.
  3314 | D:4      | XOM: noise
  3407 | D:4      | Identified the staff of the Beast {rPois rCorr Int+3 Stlth+
                  | Alchemy}
  3455 | D:4      | XOM: confuse monster(s)
  3481 | D:4      | XOM: give mutations
  3481 | D:4      | Gained mutation: You expend magic power (3 MP) to
                  | strengthen your wands. [Xom's grace]
  3481 | D:4      | Gained mutation: You have a pair of small antennae on your
                  | head. [Xom's grace]
  3481 | D:4      | Gained mutation: You are covered in fur. (AC +1) [Xom's
                  | grace]
  3481 | D:4      | Gained mutation: You are resistant to electric shocks.
                  | (rElec) [Xom's grace]
  3534 | D:4      | Killed Hsik's ghost
  3535 | D:4      | Reached skill level 1 in Evocations
  3535 | D:4      | Reached XP level 8. HP: 49/61 MP: 10/10
  3631 | D:3      | Saving game... please wait.
  3631 | D:3      | Upgraded the game from 0.32-a0-814-g0968bab981 to
                  | 0.32-a0-818-gb728d0252e
  3663 | D:1      | Bought a +3 chain mail of poison resistance for 235 gold
                  | pieces
  3748 | D:5      | Entered Level 5 of the Dungeon
  3748 | D:5      | XOM: fog
  3766 | D:5      | Reached skill level 1 in Alchemy
  3913 | D:5      | Noticed Prince Ribbit
  3920 | D:5      | Killed Prince Ribbit
  3921 | D:5      | Reached skill level 5 in Fighting
  3921 | D:5      | Reached skill level 5 in Axes
  3928 | D:5      | XOM: divination: detect creatures
  4302 | D:5      | XOM: enchant monster (good)
  4412 | D:5      | Identified the ring "Birgh" {Will+ Str+4 Int-3}
  4611 | D:5      | XOM: enchant monster (good)
  4629 | D:5      | Found an ornate altar of the Wu Jian Council.
  4759 | D:5      | Noticed Eustachio
  4764 | D:5      | XOM: enchant monster (good)
  4775 | D:5      | Killed Eustachio
  4776 | D:5      | Reached XP level 9. HP: 55/68 MP: 12/12
  4782 | D:5      | XOM: give mutation
  4782 | D:5      | Gained mutation: You are partially covered in iridescent
                  | scales. (AC +2) [Xom's grace]
  4842 | D:5      | XOM: confuse monster(s)
  5203 | D:6      | XOM: god gift: 1120 gold pieces
  5220 | D:6      | Found Hupnecui's General Store.
  5311 | D:6      | XOM: divination: magic mapping
  5384 | D:6      | Bought a potion of heal wounds for 70 gold pieces
  5384 | D:6      | Bought a scroll of noise for 14 gold pieces
  5384 | D:6      | Bought 2 potions of resistance for 280 gold pieces
  5384 | D:6      | Bought a wand of mindburst (3) for 58 gold pieces
  5455 | D:6      | XOM: noise
  5470 | D:6      | XOM: potion effect (curing)
  5617 | D:6      | Reached skill level 5 in Armour
  5647 | D:6      | XOM: divination: magic mapping
  5755 | D:6      | Found a runed translucent door.
  5756 | D:6      | Noticed ooooo's ghost (amateur OpCj)
  5756 | D:6      | XOM: enchant monster (good)
  5756 | D:6      | Noticed a troll
  5760 | D:6      | XOM: cast spell 'Summon Small Mammal'
  5840 | D:6      | XOM: silly message
  5883 | D:6      | XOM: summons 5 hostile demons
  5960 | D:6      | Killed a troll
  5963 | D:6      | Killed ooooo's ghost
  5964 | D:6      | Reached skill level 5 in Dodging
  5972 | D:6      | XOM: silly message
  6022 | D:7      | Found Amuth's Book Boutique.
  6201 | D:7      | Found a radiant altar of Vehumet.
  6368 | D:7      | Found a stormy altar of Qazlal.
  6368 | D:7      | XOM: 2-stop teleportation journey
  6398 | D:7      | Reached XP level 10. HP: 74/76 MP: 14/14
  6547 | D:7      | Found a staircase to the Ecumenical Temple.
  6812 | Temple   | Entered the Ecumenical Temple
  6849 | D:8      | Found a shimmering blue altar of Sif Muna.
  6972 | D:8      | XOM: 1-stop teleportation journey
  6983 | D:8      | XOM: divination: magic mapping
  7024 | D:8      | XOM: noise
  7024 | D:8      | Noticed Grum
  7065 | D:8      | XOM: noise
  7066 | D:8      | XOM: enchant monster (good)
  7066 | D:8      | Slain by Grum

Illustrated notes

Levels and vault maps discovered:
D:1:      kilobyte_arrival_exit_the_forest, layout_basic, serial_shops,
          nicolae_shop_trees, serial_rivers, chequers_serial_rivers_small_b,
          chequers_serial_rivers_small_3, chequers_serial_rivers_micro_b,
          chequers_serial_rivers_room_b, chequers_serial_rivers_micro_e
D:2:      minmay_roachtagon, layout_basic, serial_shops, shop,
          minmay_three_crescents
D:3:      layout_loops_corners, minmay_quadrilaterals, uniq_grinder, uniq_robin
D:4:      layout_rooms, nicolae_tso_besieged_by_evil,
          chequers_temple_overflow_statue_of_worship,
          ebering_ghost_disaster_area, minmay_hollow_rounded_squares
D:5:      layout_basic, lemuel_coloured_pillars_altar, minmay_misc_feat_x,
          uniq_prince_ribbit1, uniq_eustachio
D:6:      layout_loops_cross, serial_shops, shop, ebering_ghost_inner_flame
D:7:      layout_basic, mainiacjoe_overflow_brackets, fiery_altar_vehumet,
          minmay_temple_entry_butterflies, hex_tiny,
          kennysheep_cross_bottleneck, nicolae_stop_n_shop_2,
          kennysheep_decorative_pillar, chequers_big_river
D:8:      layout_cave_pods, nicolae_sif_muna_little_library,
          david_lair_shrubbed, special_room [special_room_orc], minmay_circle_x,
          uniq_erica, uniq_jeremiah, uniq_grum
Temple:   grunt_temple_mini_profane

Skill      XL: |  1  2  3  4  5  6  7  8  9 10 |
---------------+-------------------------------+-----
Dodging        | 1 2 3 4 5 |  5.5
Armour         | 2 3 4 5 |  5.7
Polearms       | 1 2 3 |  3.6
Spellcasting   | 1 2 3 |  3.0
Fighting       | 4 5 6 |  6.5
Axes           | 4 5 6 |  6.6
Stealth        | 1 2 3 |  3.1
Evocations     | 1 2 3 4 |  4.0
Alchemy        | 1 2 3 |  3.2

Action                     |  1- 3 |  4- 6 |  7- 9 | 10-12 || total
---------------------------+-------+-------+-------+-------++-------
  Melee: Hand axe          |    83 |   124 |    87 |       ||   294
         Dagger            |    71 |    52 |       |       ||   123
         Rapier            |       |       |   228 |    71 ||   299
         Staff             |       |       |   200 |    63 ||   263
  Evoke: Phial of floods   |       |       |       |     1 ||     1
    Use: Scroll            |     2 |       |     4 |     2 ||     8
         Potion            |       |     3 |     5 |     6 ||    14
   Stab: Paralysed         |     1 |       |       |       ||     1
         Sleeping          |     4 |       |       |       ||     4
         Petrifying        |       |     1 |       |       ||     1
         Petrified         |       |     2 |       |       ||     2
         Confused          |       |     1 |     1 |       ||     2
 Armour: Leather armour    |    40 |    44 |       |       ||    84
         Chain mail        |       |    36 |   336 |   177 ||   549
         Skin              |       |       |    23 |       ||    23
  Dodge: Dodged            |    55 |    55 |   203 |   105 ||   418

Table legend: (Time is in decaauts)
 A = Elapsed time spent in this place.
 B = Non-inter-level travel time spent in this place.
 C = Inter-level travel time spent in this place.
 D = Time resting spent in this place.
 E = Time spent auto-exploring this place.
 F = Levels seen in this place.
 G = Mean time per level.
                   A        B        C        D        E       F      G
               +--------+--------+--------+--------+--------+-----+--------+
         Total |   7166 |   6683 |    483 |     12 |   5272 |   9 |  796.2 |
       Dungeon |   7164 |   6682 |    482 |     12 |   5272 |   8 |  895.5 |
        Temple |      1 |      1 |      0 |      0 |      0 |   1 |    1.0 |
               +--------+--------+--------+--------+--------+-----+--------+

Top non-repeatable levels by time:
     D:5: 1447 daAuts
     D:3: 1244 daAuts
     D:1: 991 daAuts
     D:4: 861 daAuts
     D:6: 853 daAuts
     D:7: 830 daAuts
     D:2: 696 daAuts
     D:8: 240 daAuts
  Temple: 1 daAuts
